 Dungeon Crawl Stone Soup version 0.24-a0-630-g0d56a85 (webtiles) character file.

Game seed: 4934520969739908177, levelgen mode: deterministic

2328 BoppinsLewinski the Carver (level 9, -25/64 HPs)
             Began as a Demonspawn Gladiator on Sept 19, 2019.
             Was an Elder of Okawaru.
             Annihilated by a white ugly thing (30 damage)
             ... on level 7 of the Dungeon.
             The game lasted 00:17:05 (7427 turns).

BoppinsLewinski the Carver (Demonspawn Gladiator)   Turns: 7427, Time: 00:17:06

Health: -25/64     AC: 14    Str: 17    XL:     9   Next: 19%
Magic:  9/10       EV:  8    Int: 11    God:    Okawaru [****..]
Gold:   449        SH:  0    Dex: 14    Spells: 8/8 levels left

rFire    . . .     SeeInvis +   r - +0 great sword
rCold    . . .     Gourm    .   (shield currently unavailable)
rNeg     . . .     Faith    .   y - +0 chain mail
rPois    .         Spirit   .   (helmet restricted)
rElec    .         Reflect  .   m - +0 cloak (curse)
rCorr    .         Harm     .   o - +0 pair of gloves
MR       .....                  (no boots)
Stlth    ..........             u - amulet of rage
HPRegen  0.20/turn              g - ring of see invisible
MPRegen  0.12/turn              (no ring)

@: berserk cooldown, slowed, very slow
A: antennae 1, thin metallic scales 2, demonic guardian 1, rot immunity
a: Heroism, Renounce Religion, Evoke Berserk Rage


You were on level 7 of the Dungeon.
You worshipped Okawaru.
Okawaru was greatly pleased with you.
You were near starving.

You visited 1 branch of the dungeon, and saw 7 of its levels.

You collected 449 gold pieces.

Inventory:

Hand Weapons
 a - a +0 long sword
 r - a +0 great sword (weapon)
Missiles
 d - a throwing net (quivered)
Armour
 c - a +0 helmet
 e - the cursed +1 ring mail of Serendipity {MR++ rCorr MP-9 Str+4, unknown}
   (You found it on level 7 of the Dungeon)

   It affects your strength (+4).
   It affects your resistance to hostile enchantments.
   It affects your magic capacity (-9).
   It provides partial protection from all sources of acid and corrosion.
   It has a curse placed upon it.
 i - a +0 scale mail
 m - a cursed +0 cloak (worn)
 o - a +0 pair of gloves (worn)
 s - a +0 cloak
 y - a +0 chain mail (worn)
Jewellery
 g - a ring of see invisible (left hand)
 n - an uncursed amulet of the gourmand
 u - an amulet of rage (around neck)
 D - a +5 ring of strength {unknown}
Wands
 v - a wand of random effects (11)
Scrolls
 h - a scroll of amnesia {unknown}
 j - 3 scrolls of immolation {unknown}
 k - 3 scrolls of teleportation {unknown}
 l - 10 scrolls of remove curse {unknown}
 q - a scroll of noise {unknown}
 w - a scroll of enchant weapon {unknown}
 z - a scroll of magic mapping {unknown}
 B - a scroll of identify
Potions
 b - a potion of curing
 p - 2 potions of brilliance
 t - 2 potions of lignification
 x - a potion of mutation {unknown}
 A - a potion of agility
 C - a potion of resistance
 E - a potion of degeneration {unknown}
 F - a potion of berserk rage {unknown}
Comestibles
 f - 19 rations


   Skills:
 + Level 3.4 Fighting
 * Level 10.3 Long Blades
 - Level 1.7 Throwing
 + Level 2.2 Armour
 + Level 3.7 Dodging
 + Level 2.3 Invocations
 + Level 1.8 Evocations


You had 8 spell levels left.
You didn't know any spells.
Your spell library contained the following spells:

 Spells                   Type           Power        Failure   Level  Hunger
 Beastly Appendage        Tmut           #.....       99%         1    ##.....
 Corona                   Hex            #......      99%         1    ##.....
 Flame Tongue             Conj/Fire      #....        99%         1    ##.....
 Ensorcelled Hibernation  Hex/Ice        #.....       100%        2    ###....
 Sticks to Snakes         Tmut           #.......     100%        2    ###....
 Throw Flame              Conj/Fire      #.....       100%        2    ###....
 Confuse                  Hex            #.......     100%        3    ####...
 Conjure Flame            Conj/Fire      #.......     100%        3    ####...
 Dazzling Spray           Conj/Hex       #.....       100%        3    ####...
 Inner Flame              Hex/Fire       #.......     100%        3    ####...
 Spider Form              Tmut/Pois      #.........   100%        3    ####...
 Tukima's Dance           Hex            #.......     100%        3    ####...
 Ice Form                 Ice/Tmut       #.......     100%        4    #####..
 Sticky Flame             Conj/Fire      #.......     100%        4    #####..
 Blade Hands              Tmut           #.........   100%        5    ######.
 Fireball                 Conj/Fire      #.........   100%        5    ######.


Dungeon Overview and Level Annotations

Branches:
Dungeon (7/15)             Temple (0/1) D:7

Altars:
Ashenzari
Dithmenos
Elyvilon
Okawaru
Ru
Sif Muna
Wu Jian
Xom
Yredelemnul
Zin
The Shining One

Shops:
D:4 [   D:5 }

Annotations:
D:7 2 transporters, davecave's ghost, novice MfGl


Innate Abilities, Weirdness & Mutations

You have a pair of small antennae on your head.
You are mostly covered in thin metallic scales. (AC +3)
A weak demonic guardian rushes to your aid.
You are immune to rotting.


Message History

Yer 'sperience leads ta an increase in yer attributes!
Yer base attributes be Str 16, Int 11, Dex 14.
Increase (S)tr'ngth, (I)ntelligence, or (D)'sterity?
Ye feel stronger.
Ye swap places.
Ye feel a strong urge ta attack somethin'.
Tha white ugly thin' completely misses yer shadow imp.
Ye be nay longer berserk.
Ye be 'shausted.
Ye feel yerself slow down.
A soldier ant comes inta view.
Tha ogre shouts! x2; Ye hear a shout!
Tha white ugly thin' gores yer shadow imp!
Yer shadow imp dies!
Tha ogre shouts!
Davecave's ghost screams, "Do ye think tha gods will protect ye?"
Tha white ugly thin' gores ye.
* * * LOW HITPOINT WARNIN'
* * * Tha white ugly thin' freezes ye!!
Ye die...

#.#.# #...# ###..5# #.#.#
#...# #.Y...# #.#.# #...#
#.#(.F# #.#.##########≈####.
#.#........a((.#
#.##.########### {
#.#z.#OO.... ## #.#u.#O#..#.
#. ###### #.#@.#O.##.. #.
#....# #.#5.#W.##.. #.
#..[.# #...©#(#..# #.
##....###....#/.... ##### ##
#......[..#.©#.#..#.#...#
#............#..##..#...####
#......<<....#..##..#...##..
#.....###....#.#..#.#...##..
#.......+....#......#...##..


You could see a white ugly thing, 4 ogres, a wight, davecave's ghost and a
friendly white imp.

Vanquished Creatures
  A cyclops (D:7)
  A spriggan (D:7)
  An orc warrior (D:7)
  An ice beast (D:6)
  2 sky beasts
  An ogre (D:6)
  A centaur (D:6)
  2 bullfrogs
  A water moccasin zombie (D:5)
  4 wights (D:6)
  2 crimson imps (D:5)
  3 bullfrog skeletons
  Crazy Yiuf (D:3)
  An orc priest (D:5)
  A centaur skeleton (D:4)
  3 iguanas
  Terence (D:2)
  3 orc wizards
  2 worker ants
  A hound skeleton (D:5)
  Robin (D:2)
  15 gnolls
  8 adders
  An adder zombie (D:6)
  2 adder skeletons
  A worm (D:3)
  A dart slug (D:2)
  2 leopard geckos
  16 orcs
  2 ball pythons
  7 giant cockroaches
  9 goblins
  9 hobgoblins
  5 jackals (D:3)
  2 quokkas (D:3)
  7 bats
  6 frilled lizards
  A jackal skeleton (D:4)
  3 kobolds
  5 rats
136 creatures vanquished.

Vanquished Creatures (collateral kills)
  A sky beast (D:5)
  A bullfrog (D:6)
  A bullfrog zombie (D:6)
  A hound (D:4)
  Jessica (D:2)
5 creatures vanquished.

Grand Total: 141 creatures vanquished

Notes
Turn   | Place    | Note
-------+----------+-------------------------------------------
     0 | D:1      | BoppinsLewinski the Demonspawn Gladiator began the quest
                  | for the Orb.
     0 | D:1      | Reached XP level 1. HP: 16/16 MP: 1/1
   237 | D:1      | Gained mutation: A weak demonic guardian rushes to your
                  | aid. [demonic ancestry]
   237 | D:1      | Reached XP level 2. HP: 19/22 MP: 2/2
   307 | D:1      | Reached skill level 3 in Long Blades
   455 | D:1      | Found a sparkling altar of Nemelex Xobeh.
   457 | D:1      | Found a sparkling altar of Nemelex Xobeh.
   457 | D:1      | Found a shimmering altar of Xom.
   467 | D:1      | Found a shattered altar of Ashenzari.
   467 | D:1      | Found a white marble altar of Elyvilon.
   467 | D:1      | Found an iron altar of Okawaru.
   660 | D:2      | Noticed Terence
   675 | D:2      | Noticed Jessica
   682 | D:2      | Killed Terence
   682 | D:2      | Reached skill level 1 in Armour
   682 | D:2      | Gained mutation: You are partially covered in thin metallic
                  | scales. (AC +2) [demonic ancestry]
   682 | D:2      | Reached XP level 3. HP: 10/28 MP: 3/3
   682 | D:2      | Killed Jessica
  1044 | D:2      | Found an ornate altar of the Wu Jian Council.
  1119 | D:2      | Found a shimmering blue altar of Sif Muna.
  1230 | D:2      | Noticed Robin
  1249 | D:2      | Killed Robin
  1249 | D:2      | Reached XP level 4. HP: 21/34 MP: 4/4
  1415 | D:2      | Found an iron altar of Okawaru.
  1422 | D:2      | Became a worshipper of Warmaster Okawaru
  2001 | D:3      | Found a runed translucent door.
  2002 | D:3      | Noticed Crazy Yiuf
  2145 | D:3      | Reached skill level 4 in Long Blades
  2451 | D:3      | Killed Crazy Yiuf
  2451 | D:3      | Reached XP level 5. HP: 25/39 MP: 5/5
  2977 | D:4      | Found a basalt altar of Yredelemnul.
  3037 | D:4      | Reached skill level 5 in Long Blades
  3170 | D:4      | Found Ida Tyomn's Armour Shop.
  3379 | D:5      | Entered Level 5 of the Dungeon
  3415 | D:5      | Gained mutation: You have a pair of small antennae on your
                  | head. [demonic ancestry]
  3415 | D:5      | Reached XP level 6. HP: 38/46 MP: 6/6
  3513 | D:5      | Noticed a sky beast
  3523 | D:5      | Killed a sky beast
  3523 | D:5      | Reached * piety under Okawaru
  3704 | D:4      | Reached skill level 6 in Long Blades
  4442 | D:5      | Found Ziawenux's Gadget Shoppe.
  4457 | D:5      | Gained mutation: You are immune to rotting. [demonic
                  | ancestry]
  4457 | D:5      | Reached XP level 7. HP: 51/51 MP: 7/7
  5034 | D:4      | Reached skill level 7 in Long Blades
  5594 | D:5      | Reached ** piety under Okawaru
  5603 | D:5      | Found a glowing golden altar of the Shining One.
  5603 | D:5      | Found a sacrificial altar of Ru.
  5755 | D:6      | Found a shadowy altar of Dithmenos.
  5812 | D:6      | Reached skill level 8 in Long Blades
  5926 | D:6      | Gained mutation: You are mostly covered in thin metallic
                  | scales. (AC +3) [demonic ancestry]
  5926 | D:6      | Reached XP level 8. HP: 54/57 MP: 8/8
  6192 | D:6      | Reached skill level 9 in Long Blades
  6243 | D:6      | Found a glowing silver altar of Zin.
  6570 | D:7      | Noticed davecave's ghost (novice MfGl)
  6572 | D:7      | Found a transporter.
  6573 | D:7      | Identified the +8 great mace "Tojefono" {crush, Stlth+}
  6601 | D:7      | Found a transporter.
  6699 | D:7      | Got an opal-encrusted ring mail
  6756 | D:7      | Reached *** piety under Okawaru
  6759 | D:7      | Reached skill level 10 in Long Blades
  7118 | D:7      | Found a white marble altar of Elyvilon.
  7181 | D:7      | Reached skill level 1 in Invocations
  7231 | D:7      | Found a staircase to the Ecumenical Temple.
  7395 | D:7      | Noticed a cyclops
  7409 | D:7      | Reached skill level 1 in Evocations
  7413 | D:7      | Noticed a white ugly thing
  7417 | D:7      | Killed a cyclops
  7417 | D:7      | Reached **** piety under Okawaru
  7417 | D:7      | Reached XP level 9. HP: 10/64 MP: 7/10
  7427 | D:7      | Annihilated by a white ugly thing

Levels and vault maps discovered:
D:1:      evilmike_arrival_rings, layout_basic, doesnt_xom_only_xom
D:2:      layout_rooms, overflow_temple_1_default, led_sif_pool,
          lemuel_doored_altar, uniq_jessica, uniq_terence, uniq_robin
D:3:      layout_loops_ring, dk_vineyard_2, uniq_crazy_yiuf_cottage
D:4:      layout_rooms, lemuel_round_altar, serial_shops,
          nicolae_shop_behind_doors
D:5:      layout_gridville, gammafunk_temple_overflow_wave, serial_shops, shop,
          first_ration
D:6:      layout_gridville, zin_academy, old_standard_altar,
          minmay_quadrilaterals
D:7:      minmay_blocky_corners, layout_basic, elyvilon_altar_3,
          minmay_temple_entry_mist, gammafunk_ghost_smash, the_bakery

Skill      XL: |  1  2  3  4  5  6  7  8 |
---------------+-------------------------+-----
Long Blades    | 3 4 5 6 8 10 | 10.3
Armour         | 1 2 |  2.2
Dodging        | 3 |  3.7
Invocations    | 2 |  2.3
Fighting       | 3 |  3.4
Evocations     | 1 |  1.8
Throwing       | |  1.7

Action                   |  1- 3 |  4- 6 |  7- 9 || total
-------------------------+-------+-------+-------++-------
Melee: Long sword        |    71 |    45 |       ||   116
       Great sword       |       |   166 |   186 ||   352
Throw: Throwing net      |     1 |     1 |       ||     2
Invok: Heroism           |       |       |     4 ||     4
 Abil: Evoke Berserk Rag |       |       |     2 ||     2
Evoke: Wand              |       |       |     5 ||     5
  Use: Potion            |     4 |     2 |     1 ||     7
       Scroll            |       |     3 |     3 ||     6
 Stab: Held in net/web   |     1 |       |       ||     1
       Distracted        |       |       |     4 ||     4
  Eat: Chunk             |       |     5 |     3 ||     8
       Ration            |       |     2 |     2 ||     4
Armor: Leather armour    |    10 |       |       ||    10
       Ring mail         |    22 |     8 |       ||    30
       Scale mail        |       |   101 |       ||   101
       Chain mail        |       |    35 |   119 ||   154
Dodge: Dodged            |    41 |   155 |    84 ||   280
       Rpst.: Long sword |    15 |     6 |       ||    21
       Great sword       |       |    41 |    28 ||    69

Table legend:
 A = Non-vault XP
 B = Vault XP
 C = Vault XP percentage of total XP
 D = Non-vault monster count
 E = Vault monster count
 F = Vault count percentage of total count
                 A         B        C        D         E       F
            +---------+---------+-------+---------+---------+-------
      Total |    1987 |    1339 |  40.3 |     120 |      21 |  14.9
            +---------+---------+-------+---------+---------+-------
        D:1 |      24 |       0 |   0.0 |      16 |       0 |   0.0
        D:2 |      15 |      77 |  83.7 |       6 |      12 |  66.7
        D:3 |      69 |      35 |  33.7 |      23 |       1 |   4.2
        D:4 |     224 |       0 |   0.0 |      22 |       0 |   0.0
        D:5 |     656 |       0 |   0.0 |      27 |       0 |   0.0
        D:6 |     767 |     284 |  27.0 |      21 |       4 |  16.0
        D:7 |     232 |     943 |  80.3 |       5 |       4 |  44.4
            +---------+---------+-------+---------+---------+-------
